 Dungeon Crawl Stone Soup version 0.25.0-1-g7eea58d2a3 (webtiles) character file.

Game seed: 6889274419356347792

9 Exodus22XD the Sneak (level 2, -1/11 HPs)
             Began as a Felid Enchanter on June 14, 2020.
             Slain by a hobgoblin
             ... wielding a +0 club
              (5 damage)
             ... on level 1 of the Dungeon.
             The game lasted 00:02:00 (323 turns).

Exodus22XD the Sneak (Felid Enchanter)               Turns: 323, Time: 00:02:00

Health: -1/11      AC:  1    Str:  4    XL:     2   Next: 3%
Magic:  5/6        EV: 18    Int: 16    God:
Gold:   0          SH:  0    Dex: 16    Spells: 4/5 levels left
                                        Lives:  0   Deaths: 0

rFire    . . .     SeeInvis +     - Unarmed
rCold    . . .     Gourm    .   (shield unavailable)
rNeg     . . .     Faith    .   (armour unavailable)
rPois    .         Spirit   .   (helmet unavailable)
rElec    .         Reflect  .   (cloak unavailable)
rCorr    .         Harm     .   (gloves unavailable)
MR       .....                  (boots unavailable)
Stlth    +++.......             (no amulet)
HPRegen  0.03/turn              (no ring)
MPRegen  0.10/turn              (no ring)

@: quick
A: very small, no armour, no weapons or thrown items, stealth, claws 1, fangs 3,
see invisible, carnivore, speed 1, shaggy fur 1, slow metabolism 1, sharp paws
a: no special abilities


You were on level 1 of the Dungeon.
You were full.

You visited 1 branch of the dungeon, and saw 1 of its levels.

Inventory:

Scrolls
 c - 3 scrolls of remove curse {unknown}
Potions
 a - a potion of might
Comestibles
 b - 2 rations


   Skills:
 - Level 2.7 Dodging
 + Level 4.7 Stealth
 - Level 1.0 Unarmed Combat
 - Level 2.0 Spellcasting
 - Level 4.6 Hexes


You had 4 spell levels left.
You knew the following spells:

 Your Spells              Type           Power        Failure   Level  Hunger
a - Corona                Hex            ###....      3%          1    #......

Your spell library contained the following spells:

 Spells                   Type           Power        Failure   Level  Hunger
 Confusing Touch          Hex            ###.....     10%         3    ###....
 Tukima's Dance           Hex            ###.....     10%         3    ###....
 Ensorcelled Hibernation  Hex/Ice        #.....       12%         2    ###....
 Dazzling Flash           Conj/Hex       #.....       24%         3    ###....


Dungeon Overview and Level Annotations

Branches:
Dungeon (1/15)

Altars:


Innate Abilities, Weirdness & Mutations

You cannot wear armour.
You are incapable of wielding weapons or throwing items.
Your paws allow you to move quietly. (Stealth)
You have sharp claws.
You have razor-sharp teeth.
You have supernaturally acute eyesight. (SInv)
You are carnivorous and can eat meat at any time.
You cover ground quickly.
You are covered in fur. (AC +1)
You have a slow metabolism.
Your sharp claws are effective at attacking unaware monsters.


Message History

There is a large open door here.
You see here a ring mail.
There is a large open door here.
Things that are here:
a +0 mace; a scroll labeled DASEAJ KE TIE; a +0 short sword You see here a stone.
You see here 7 boomerangs.
You start resting.
The hobgoblin is too close now for your liking.
The hobgoblin shouts!
Casting: Corona (safe; 3% risk of failure)
Confirm with . or Enter, or press ? or * to list all spells.
Aiming: Corona (safe; 3% risk of failure)
Press: ? - help, Shift-Dir - straight line, f - hobgoblin
Aim: a hobgoblin, wielding a +0 club (chance to defeat MR: 71%)
The hobgoblin is outlined in light.
You scratch the hobgoblin.
The hobgoblin is lightly wounded.
The hobgoblin hits you with a +0 club.
You die...

#.# ####.#
#....# #....###
#......#
#......##
#....g..# ..#
#....@..# ..#
#....##.# ..#
#######.# .(#
#.###..#
#......###.#
#######.)......#
#..........####
#.........>.....
#..........#####


You could see a hobgoblin (corona).

Vanquished Creatures
  An ooze (D:1)
  A giant cockroach (D:1)
  A hobgoblin (D:1)
  A kobold (D:1)
4 creatures vanquished.

Notes
Turn   | Place    | Note
-------+----------+-------------------------------------------
     0 | D:1      | Exodus22XD the Felid Enchanter began the quest for the Orb.
     0 | D:1      | Reached XP level 1. HP: 7/7 MP: 4/4
   241 | D:1      | Reached XP level 2. HP: 2/11 MP: 4/6
   323 | D:1      | Slain by a hobgoblin

Illustrated notes

Levels and vault maps discovered:
D:1:      lemuel_arrival_behind_the_door_large, layout_basic,
          chequers_serial_rivers_room_a

Action                   || total
-------------------------++-------
Melee: Unarmed           ||    26
       Bite              ||     2
 Cast: Corona            ||     8
  Eat: Chunk             ||     2
Armor: Skin              ||     2
Dodge: Dodged            ||    25
